woodfighter, chaotic female orcish Cavewoman -------- ----- |......|#####|...|## |......| #|<..| # |......|#####|....####` -----.-- #|...| # ###### #|...| ### ------------- # #--.-- # |`.........`| ########## ### |.....`.....| ----- ##@# # |...-.---%..| |...| ##q ### |...|.{.|...| ######################....| ######## # |..`|{.{|`..| # # |^..| --|------.- ### |...|.{.|...| ### ---.-- |...| |...>....^| # |...-----...|### #########|..*..#######....| |....[....| ##.%%...`.....|### |....| ----- |.........| |`.........`.# |....| |.........| ------------- ------ ----------- woodfighter the Young Cave Woman Experience level: 8 Strength: 18/03 Dexterity: 16 Constitution: 17 Intelligence: 9 Wisdom: 8 Charisma: 7 Health: 0(50) Energy: 26(26) Def: 8 Gold: 0 Moves: 6619 Dungeon seed: S6Z_A1ELW390Oysp Game ID: woodfighter_1485562977 Your Inventory: Amulets l - an uncursed amulet of reflection (being worn) Weapons a - a blessed +0 dwarvish spear (weapon in hand) Armor e - an uncursed +0 orcish helm (being worn) n - an uncursed +1 dwarvish cloak q - an uncursed +1 dwarvish cloak r - a blessed +0 elven mithril-coat (being worn) y - an uncursed +0 Uruk-hai shield z - an uncursed +0 Uruk-hai shield (being worn) J - an uncursed +0 oilskin cloak (being worn) Y - an uncursed +0 pair of water walking boots (being worn) Comestibles f - 2 uncursed lichen corpses g - 2 uncursed mangos k - 2 uncursed bananas o - 2 blessed tins of spinach L - 5 uncursed food rations Z - 2 uncursed lembas wafers Scrolls i - an uncursed scroll of enchant weapon j - 2 uncursed scrolls of teleportation s - an uncursed scroll of confuse monster A - 3 blessed scrolls of blank paper B - an uncursed scroll of identify D - a blessed scroll of earth E - an uncursed scroll of earth K - an uncursed scroll of consecration S - 2 uncursed scrolls of blank paper Potions d - an uncursed potion of levitation m - an uncursed potion of see invisible p - a potion of unholy water Rings M - a cursed -1 ring of increase accuracy P - a cursed ring of teleportation W - an uncursed ring of free action Wands h - a wand of striking (0:3) H - a wand of digging (0:7) R - a wand of striking (0:4) V - a wand of probing (0:8) X - a wand of digging (0:4) Tools u - a blessed brass lantern (0:1308) Spells and supernatural/magical abilities: Name Level Category Fail Memory W - pray for help -- divine ? -- Your skills at the end: Miscellaneous Skills bare handed combat [Basic] Weapon Skills scimitar [Basic] club [Basic] spear [Skilled] sling [Basic] Spellcasting Skills Final Attributes: You were piously aligned. You were poison resistant. Your writing hand was ok. You had infravision. You were somewhat stealthy. You could walk on water. You were fast. You had reflection. You are dead. Vanquished creatures: 2 giant mimics a large mimic a small mimic a large dog a dingo 3 blue jellies a rope golem 2 bugbears 2 Uruk-hai an orc shaman a rock mole 2 ponies a fog cloud a shrieker a gnome lord a kobold mummy a red naga hatchling a golden naga hatchling 2 guardian naga hatchlings a gray ooze 2 paper golems 2 giant ants 4 puppies a floating eye a kitten 2 dwarves 2 kobold lords a kobold shaman 2 iguanas 3 hill orcs 2 rothes 2 rabid rats a centipede 5 jitterbugs 2 giant bats 3 dwarf zombies 7 killer bees a coyote a hobbit 3 acid blobs a large kobold 7 geckos a hobgoblin 12 giant rats 3 brown molds 3 yellow molds a green mold a red mold 2 gnomes 4 garter snakes 14 jackals 2 foxes 5 kobolds a newt 3 goblins 5 sewer rats 5 grid bugs 2 bats 8 lichens a kobold zombie 155 creatures vanquished. Voluntary challenges: You did not cause conflict. You were not invisible. You did not have reflection until turn 6171. You were not displaced. You used a wielded weapon 241 times, starting on turn 4. You did not use tools. You did not use plumbed fixtures. You did not drink any magical draughts. You read items or engraved 2 times, starting on turn 3841. You never genocided any monsters. You never polymorphed an object. You never changed form. You cheated 2 times but completed Sokoban on turn 6074. You used no wishes. You never split a pudding. You never wrote Elbereth's name. You never violated your personal moral code. Dungeon overview: The Dungeons of Doom: levels 1 to 7 Level 1 (locekd boxes, vault) a fountain a long staircase Level 2 a potion shop Level 3 an altar to Anu, a fountain Level 4 (juiblex) an altar to Anshar stairs to The Gnomish Mines Level 5 a fountain Level 6 (oracle) <- You were here many fountains Level 7 stairs to Sokoban The Gnomish Mines: Level 5 stairs to The Dungeons of Doom Sokoban: levels 3 to 6 Level 3 a magic chest Level 4 a delicatessen, a magic chest Level 5 Level 6 a magic chest stairs to The Dungeons of Doom History has recorded: On T:1 you entered the Dungeons of Doom to retrieve the Amulet of Yendor! On T:52 you reached level 2 of The Dungeons of Doom. On T:902 you advanced to experience level 2. On T:918 you reached level 3 of The Dungeons of Doom. On T:1118 you reached level 4 of The Dungeons of Doom. On T:1142 you advanced to experience level 3. On T:1334 you reached level 1 of The Gnomish Mines. On T:1697 you reached level 5 of The Dungeons of Doom. On T:1721 you advanced to experience level 4. On T:2288 you reached level 6 of The Dungeons of Doom. On T:2412 you advanced to experience level 5. On T:2942 you reached level 7 of The Dungeons of Doom. On T:3033 you reached level 4 of Sokoban. On T:3310 you advanced to experience level 6. On T:3371 you opened a magic chest. On T:4040 you advanced to experience level 7. On T:4069 you reached level 3 of Sokoban. On T:4624 you reached level 2 of Sokoban. On T:5071 you reached level 1 of Sokoban. On T:6074 you entered the Sokoban zoo. On T:6102 you advanced to experience level 8. Score breakdown: Gold: 0 ( 0 points) Experience: 8 levels ( 700 points) Exploration: 7 levels ( 180 points) Discoveries: 22 items ( 1100 points) Variety of kills: 60 monsters ( 2000 points) Major goal: finished Sokoban ( 1000 points) Survival: died (score multiplied by 3) Total score: 14940 Latest messages: You start equipping your orcish helm. You are now wearing an orcish helm. Where do you want to travel to? Where do you want to travel to? Where do you want to travel to? A hill orc blocks your way. The gnome lord punches you! You jab the gnome lord! You kill the gnome lord! There are a few objects here. Where do you want to travel to? You hear the splashing of a naiad. You named this level: oracle. Where do you want to travel to? You stop travelling. You jab the mumak! The mumak butts! The mumak bites! You jab the mumak! The mumak butts! You die... Final status: Goodbye woodfighter the Cavewoman, killed by a mumak... You died in The Dungeons of Doom on dungeon level 6 with 14940 points, and 0 pieces of gold, after 6619 moves. You were level 8 with a maximum of 50 hit points when you died.